IL
TACOMA RAINIERS @ OMAHA STORM CHASERS
05/27/2047
 
TOP OF THE 1ST
Tacoma Rainiers batting - Pitching for Omaha Storm Chasers : RHP Mike Tuck
Pitching: RHP Mike Tuck
Batting: LHB Jawad Fahad 0-0: Swinging Strike
0-1: Fly out, F7 (Flyball, 7D, EV 91.2 MPH)
Batting: RHB Josh Ruhl 0-0: Ball
1-0: Hit by Pitch
Batting: LHB Josh Pittman 0-0: Called Strike
0-1: Called Strike
0-2: Foul Ball, location: 2F
0-2: Fielders Choice at 2nd, 1-6 (Groundball, 34S, EV 75.0 MPH)
Batting: LHB Ryan Lowe 0-0: Called Strike
0-1: Ball
1-1: Ball
2-1: Ball
3-1: Foul Ball, location: 2F
3-2: Base on Balls
Josh Pittman to second
Batting: RHB Rick Ellis 0-0: Fielders Choice at 2nd, 5-4 (Groundball, 56, EV 100.6 MPH)
Top of the 1st over - 0 runs, 0 hits, 0 errors, 2 left on base; Tacoma 0 - Omaha 0
BOTTOM OF THE 1ST
Omaha Storm Chasers batting - Pitching for Tacoma Rainiers : RHP Justin Lee
Pitching: RHP Justin Lee
Batting: LHB Jim Pankratz 0-0: Ball
1-0: Ball
2-0: Ball
3-0: Called Strike
3-1: Base on Balls
Batting: LHB Justin Rupert 0-0: Ball
1-0: Foul Ball, location: 2F
1-1: Ball
2-1: 2-RUN HOME RUN (Flyball, 9D, EV 94.4 MPH), Distance : 347 ft
Batting: LHB Manny Estrada 0-0: Swinging Strike
0-1: Foul Ball, location: 2F
0-2: SINGLE (Line Drive, 89M, EV 104.4 MPH)
Batting: RHB Eric Sandell 0-0: Swinging Strike
0-1: Swinging Strike
0-2: Ball
1-2: Foul Ball, location: 2F
1-2: Foul Ball, location: 2F
1-2: Ball
2-2: Strikes out looking
Batting: RHB Walt Cogswell 0-0: Ball
1-0: Called Strike
1-1: Ball
2-1: Called Strike
2-2: Foul Ball, location: 2F
2-2: Ball
3-2: Base on Balls
Manny Estrada to second
Batting: LHB Danny Bailey 0-0: Ball
1-0: Ball
2-0: Called Strike
2-1: Fielders Choice at 2nd, 3-6 (Groundball, 3, EV 91.9 MPH)
Manny Estrada to third
Batting: LHB Willie Gutierrez 0-0: Swinging Strike
0-1: Foul Ball, location: 2F
0-2: Foul Ball, location: 2F
0-2: Foul Ball, location: 2F
0-2: Fly out, F8 (Line Drive, 8LM, EV 95.6 MPH)
Bottom of the 1st over - 2 runs, 2 hits, 0 errors, 2 left on base; Tacoma 0 - Omaha 2
TOP OF THE 2ND
Tacoma Rainiers batting - Pitching for Omaha Storm Chasers : RHP Mike Tuck
Batting: RHB Leon Alders 0-0: Called Strike
0-1: Ball
1-1: Ball
2-1: Ground out 4-3 (Groundball, 34D, EV 93.1 MPH)
Batting: RHB Max Schellekens 0-0: Ball
1-0: Foul Ball, location: 2F
1-1: Ball
2-1: Called Strike
2-2: Ball
3-2: Base on Balls
Batting: RHB Steve Martin 0-0: Called Strike
0-1: Swinging Strike
0-2: Strikes out swinging
Batting: RHB Jeff Cox 0-0: Foul Ball, location: 2F
0-1: Ball
1-1: Foul Ball, location: 2F
1-2: Ball
2-2: Fielders Choice at 2nd, 6-4 (Groundball, 6, EV 89.4 MPH)
Top of the 2nd over - 0 runs, 0 hits, 0 errors, 1 left on base; Tacoma 0 - Omaha 2
BOTTOM OF THE 2ND
Omaha Storm Chasers batting - Pitching for Tacoma Rainiers : RHP Justin Lee
Batting: RHB Aaron Matthews 0-0: Fly out, F9 (Flyball, 89S, EV 95.6 MPH)
Batting: RHB Jerry Castillo 0-0: Ball
1-0: Ground out 3-1 (Groundball, 34, EV 103.1 MPH)
Batting: LHB Jim Pankratz 0-0: Called Strike
0-1: Ball
1-1: Called Strike
1-2: Foul Ball, location: 2F
1-2: Strikes out swinging
Bottom of the 2nd over - 0 runs, 0 hits, 0 errors, 0 left on base; Tacoma 0 - Omaha 2
TOP OF THE 3RD
Tacoma Rainiers batting - Pitching for Omaha Storm Chasers : RHP Mike Tuck
Batting: LHB Jawad Fahad 0-0: Called Strike
0-1: Ball
1-1: Ball
2-1: Ball
3-1: Called Strike
3-2: Foul Ball, location: 2F
3-2: Foul Ball, location: 2F
3-2: SINGLE (Groundball, 4MD, EV 103.8 MPH)
Batting: RHB Josh Ruhl 0-0: Ball
1-0: Foul Ball, location: 2F
1-1: Foul Ball, location: 2F
1-2: Strikes out swinging
Batting: LHB Josh Pittman 0-0: Swinging Strike
0-1: Foul Ball, location: 2F
0-2: Ball
1-2: Foul Ball, location: 2F
1-2: Ball
2-2: Ball
3-2: Foul Ball, location: 2F
3-2: Base on Balls
Jawad Fahad to second
Batting: LHB Ryan Lowe 0-0: Ball
1-0: Grounds into double play, 4-6-3 (Groundball, 4, EV 83.1 MPH)
Top of the 3rd over - 0 runs, 1 hit, 0 errors, 1 left on base; Tacoma 0 - Omaha 2
BOTTOM OF THE 3RD
Omaha Storm Chasers batting - Pitching for Tacoma Rainiers : RHP Justin Lee
Batting: LHB Justin Rupert 0-0: Foul Ball, location: 2F
0-1: Ball
1-1: Swinging Strike
1-2: Foul Ball, location: 2F
1-2: Strikes out swinging
Batting: LHB Manny Estrada 0-0: Ground out 4-3 (Groundball, 4, EV 84.4 MPH)
Batting: RHB Eric Sandell 0-0: Ball
1-0: Foul Ball, location: 2F
1-1: Foul Ball, location: 2F
1-2: SINGLE (Flyball, 6D, EV 85.6 MPH)
Batting: RHB Walt Cogswell 0-0: Ball
1-0: Ball
2-0: Called Strike
2-1: Called Strike
2-2: Foul Ball, location: 2F
2-2: Ball
3-2: Fly out, F9 (Flyball, 9D, EV 105.6 MPH)
Bottom of the 3rd over - 0 runs, 1 hit, 0 errors, 1 left on base; Tacoma 0 - Omaha 2
TOP OF THE 4TH
Tacoma Rainiers batting - Pitching for Omaha Storm Chasers : RHP Mike Tuck
Batting: RHB Rick Ellis 0-0: Called Strike
0-1: Swinging Strike
0-2: Ball
1-2: Ball
2-2: SINGLE (Groundball, 56D, EV 96.9 MPH)
Batting: RHB Leon Alders 0-0: Swinging Strike
0-1: TRIPLE (Flyball, 89XD, EV 97.5 MPH)
Rick Ellis scores
Batting: RHB Max Schellekens 0-0: Ground out U3 (Groundball, 3, EV 85.0 MPH)
Batting: RHB Steve Martin 0-0: Foul Ball, location: 2F
0-1: Foul Ball, location: 2F
0-2: Foul Ball, location: 2F
0-2: Ball
1-2: Ball
2-2: Ball
3-2: Base on Balls
Batting: RHB Jeff Cox 0-0: Ball
1-0: Ball
2-0: Foul Ball, location: 2F
2-1: SINGLE (Line Drive, 89M, EV 112.5 MPH)
Leon Alders scores
Steve Martin to second
Batting: LHB Jawad Fahad 0-0: Ball
1-0: Swinging Strike
1-1: Ball
2-1: Called Strike
2-2: Ball
3-2: Base on Balls
Steve Martin to third
Jeff Cox to second
Batting: RHB Josh Ruhl 0-0: Ball
1-0: Grounds out, U3 (Groundball, 3L, EV 102.5 MPH)
Steve Martin scores
Jeff Cox to third
Batting: LHB Josh Pittman 0-0: Ball
1-0: Called Strike
1-1: Swinging Strike
1-2: Ball
2-2: SINGLE (Line Drive, 78S, EV 99.4 MPH)
Jeff Cox scores
Jawad Fahad to third
Pitching: RHP Terry Romaine
Batting: LHB Ryan Lowe 0-0: Swinging Strike
0-1: Ball
1-1: Foul Ball, location: 2F
1-2: Strikes out swinging
Top of the 4th over - 4 runs, 4 hits, 0 errors, 2 left on base; Tacoma 4 - Omaha 2
BOTTOM OF THE 4TH
Omaha Storm Chasers batting - Pitching for Tacoma Rainiers : RHP Justin Lee
Batting: LHB Danny Bailey 0-0: Ball
1-0: Ball
2-0: Ground out 4-3 (Groundball, 4, EV 85.6 MPH)
Batting: LHB Willie Gutierrez 0-0: Ball
1-0: Ball
2-0: Ball
3-0: Called Strike
3-1: Called Strike
3-2: Base on Balls
Batting: RHB Aaron Matthews 0-0: Swinging Strike
0-1: Ball
1-1: Ball
2-1: Fly out, F8 (Flyball, 8RM, EV 90.6 MPH)
Batting: RHB Jerry Castillo 0-0: Ball
1-0: Swinging Strike
1-1: Ball
Willie Gutierrez steals 2nd base
2-1: Ground out 3-1 (Groundball, 13, EV 84.4 MPH)
Bottom of the 4th over - 0 runs, 0 hits, 0 errors, 1 left on base; Tacoma 4 - Omaha 2
TOP OF THE 5TH
Tacoma Rainiers batting - Pitching for Omaha Storm Chasers : RHP Terry Romaine
Batting: RHB Rick Ellis 0-0: Swinging Strike
0-1: Ball
1-1: Ball
2-1: Ground out 6-3 (Groundball, 6, EV 105.6 MPH)
Batting: RHB Leon Alders 0-0: Foul Ball, location: 2F
0-1: Ball
1-1: Ball
2-1: Ball
3-1: Base on Balls
Batting: RHB Max Schellekens 0-0: Called Strike
0-1: Swinging Strike
0-2: Grounds into double play, 4-6-3 (Groundball, 4, EV 106.2 MPH)
Top of the 5th over - 0 runs, 0 hits, 0 errors, 0 left on base; Tacoma 4 - Omaha 2
BOTTOM OF THE 5TH
Omaha Storm Chasers batting - Pitching for Tacoma Rainiers : RHP Justin Lee
Batting: LHB Jim Pankratz 0-0: SINGLE (Flyball, 56D, EV 88.1 MPH)
Batting: LHB Justin Rupert 0-0: Ball
Wild Pitch!
Jim Pankratz to second
1-0: Called Strike
Jim Pankratz steals 3rd base
1-1: SINGLE (Groundball, 4M, EV 107.5 MPH) (infield hit)
Jim Pankratz scores
Batting: LHB Manny Estrada 0-0: Fly out, F9 (Flyball, 9, EV 92.5 MPH)
Batting: RHB Eric Sandell 0-0: Ball
1-0: Grounds into double play, 5-4-3 (Groundball, 56, EV 98.1 MPH)
Bottom of the 5th over - 1 run, 2 hits, 0 errors, 0 left on base; Tacoma 4 - Omaha 3
TOP OF THE 6TH
Tacoma Rainiers batting - Pitching for Omaha Storm Chasers : RHP Terry Romaine
Batting: RHB Steve Martin 0-0: Swinging Strike
0-1: Ball
1-1: Foul Ball, location: 2F
1-2: Strikes out swinging
Batting: RHB Jeff Cox 0-0: Ball
1-0: Foul Ball, location: 2F
1-1: Ball
2-1: Called Strike
2-2: Ball
3-2: Base on Balls
Batting: LHB Jawad Fahad 0-0: Ball
1-0: Called Strike
1-1: Ball
2-1: Called Strike
2-2: Grounds into double play, 4-6-3 (Groundball, 4, EV 96.9 MPH)
Top of the 6th over - 0 runs, 0 hits, 0 errors, 0 left on base; Tacoma 4 - Omaha 3
BOTTOM OF THE 6TH
Omaha Storm Chasers batting - Pitching for Tacoma Rainiers : RHP Justin Lee
Batting: RHB Walt Cogswell 0-0: Called Strike
0-1: Ball
1-1: Called Strike
1-2: Ball
2-2: Ball
3-2: Base on Balls
Batting: LHB Danny Bailey 0-0: Ball
Walt Cogswell is caught stealing 2nd base 2-6
1-0: Ball
2-0: Called Strike
2-1: Swinging Strike
2-2: Strikes out looking
Batting: LHB Willie Gutierrez 0-0: Called Strike
0-1: Ball
1-1: Called Strike
1-2: Ball
2-2: Ground out 4-3 (Groundball, 4, EV 79.4 MPH)
Bottom of the 6th over - 0 runs, 0 hits, 0 errors, 0 left on base; Tacoma 4 - Omaha 3
TOP OF THE 7TH
Tacoma Rainiers batting - Pitching for Omaha Storm Chasers : RHP Terry Romaine
Pitching: RHP Justin Nipper
Batting: RHB Josh Ruhl 0-0: Called Strike
0-1: Ground out 6-3 (Groundball, 6, EV 83.8 MPH)
Batting: LHB Josh Pittman 0-0: Foul Ball, location: 2F
0-1: Swinging Strike
0-2: Ball
1-2: Strikes out swinging
Batting: LHB Ryan Lowe 0-0: Ball
1-0: Called Strike
1-1: Foul Ball, location: 2F
1-2: Ball
2-2: Foul Ball, location: 2F
2-2: Strikes out swinging
Top of the 7th over - 0 runs, 0 hits, 0 errors, 0 left on base; Tacoma 4 - Omaha 3
BOTTOM OF THE 7TH
Omaha Storm Chasers batting - Pitching for Tacoma Rainiers : RHP Justin Lee
Pitching: RHP Luis Castro
Now in LF: Brendan Bundy
Batting: RHB Aaron Matthews 0-0: Ball
1-0: SINGLE (Groundball, P, EV 88.1 MPH) (infield hit)
Batting: RHB Jerry Castillo 0-0: Called Strike
Aaron Matthews steals 2nd base
0-1: Ball
1-1: Ball
2-1: Foul Ball, location: 2F
2-2: Foul Ball, location: 2F
2-2: Strikes out swinging
Batting: LHB Jim Pankratz 0-0: Ball
1-0: Foul Ball, location: 2F
1-1: Swinging Strike
1-2: Strikes out looking
Batting: LHB Justin Rupert 0-0: Foul Ball, location: 2F
0-1: Called Strike
0-2: Ball
1-2: Ball
2-2: Foul Ball, location: 2F
2-2: Foul Ball, location: 2F
2-2: Foul Ball, location: 2F
2-2: SINGLE (Line Drive, 9S, EV 96.9 MPH)
Aaron Matthews to third
Runner from 3rd tries for Home, SAFE, throw by RF to home
Batting: LHB Manny Estrada 0-0: Foul Ball, location: 2F
0-1: Ball
1-1: Foul Ball, location: 2F
1-2: Ball
2-2: Fly out, F9 (Flyball, 9D, EV 103.8 MPH)
Bottom of the 7th over - 1 run, 2 hits, 0 errors, 1 left on base; Tacoma 4 - Omaha 4
TOP OF THE 8TH
Tacoma Rainiers batting - Pitching for Omaha Storm Chasers : RHP Justin Nipper
Batting: RHB Rick Ellis 0-0: Ball
1-0: Foul Ball, location: 2F
1-1: Swinging Strike
1-2: Foul Ball, location: 2F
1-2: Strikes out swinging, 2-3 out at first.
Batting: RHB Leon Alders 0-0: Ball
1-0: Ball
2-0: Called Strike
2-1: Foul Ball, location: 2F
2-2: Ball
3-2: Foul Ball, location: 2F
3-2: Base on Balls
Batting: RHB Max Schellekens 0-0: Foul Ball, location: 2F
0-1: Ball
1-1: Foul Ball, location: 2F
1-2: Ball
2-2: Ball
3-2: Base on Balls
Leon Alders to second
Batting: RHB Steve Martin 0-0: Ball
1-0: Ball
2-0: Foul Ball, location: 2F
2-1: Foul Ball, location: 2F
2-2: Strikes out swinging
Batting: RHB Jeff Cox 0-0: Swinging Strike
0-1: Ball
1-1: Called Strike
1-2: Strikes out swinging
Top of the 8th over - 0 runs, 0 hits, 0 errors, 2 left on base; Tacoma 4 - Omaha 4
BOTTOM OF THE 8TH
Omaha Storm Chasers batting - Pitching for Tacoma Rainiers : RHP Luis Castro
Pitching: LHP Adam Parrish
Batting: RHB Eric Sandell 0-0: Fly out, F8 (Line Drive, 8RM, EV 93.1 MPH)
Batting: RHB Walt Cogswell 0-0: Swinging Strike
0-1: Called Strike
0-2: Ball
1-2: Foul Ball, location: 2F
1-2: Ball
2-2: Foul Ball, location: 2F
2-2: Ground out 6-3 (Groundball, 56, EV 81.9 MPH)
Pinch Hitting: RHB Taisei Fujii 0-0: Called Strike
0-1: Ground out 3-1 (Groundball, 34S, EV 85.0 MPH)
Bottom of the 8th over - 0 runs, 0 hits, 0 errors, 0 left on base; Tacoma 4 - Omaha 4
TOP OF THE 9TH
Tacoma Rainiers batting - Pitching for Omaha Storm Chasers : RHP Justin Nipper
Pitching: RHP Gan Ts'ong
Now in CF: John Wagner
Batting: LHB Jawad Fahad 0-0: Called Strike
0-1: Ball
1-1: Called Strike
1-2: Strikes out swinging
Batting: RHB Josh Ruhl 0-0: Ball
1-0: Swinging Strike
1-1: Swinging Strike
1-2: Ball
2-2: Foul Ball, location: 2F
2-2: SINGLE (Line Drive, 78S, EV 108.8 MPH)
Batting: SHB Brendan Bundy 0-0: Called Strike
0-1: Fielders Choice at 2nd, 4-6 (Groundball, 4, EV 95.6 MPH)
Batting: LHB Ryan Lowe 0-0: Ball
1-0: Swinging Strike
1-1: Swinging Strike
1-2: Foul Ball, location: 2F
1-2: Ball
2-2: Ball
3-2: Base on Balls
Brendan Bundy to second
Batting: RHB Rick Ellis 0-0: Ball
1-0: Ball
2-0: SINGLE (Groundball, 5D, EV 101.9 MPH)
Brendan Bundy to third
Ryan Lowe to second
Runner from 3rd tries for Home, SAFE, throw by LF to home
Batting: RHB Leon Alders 0-0: Ball
1-0: Foul Ball, location: 2F
1-1: DOUBLE (Groundball, 5L, EV 103.8 MPH)
Ryan Lowe scores
Rick Ellis to third
Runner from 3rd tries for Home, SAFE, no throw by LF
Pitching: RHP Rob Penton
Batting: RHB Max Schellekens 0-0: SINGLE (Groundball, 6MD, EV 97.5 MPH)
Leon Alders to third
Runner from 3rd tries for Home, SAFE, throw by CF to home
Batting: RHB Steve Martin 0-0: Ball
1-0: Swinging Strike
1-1: Swinging Strike
1-2: Ball
2-2: Foul Ball, location: 2F
2-2: Strikes out swinging
Top of the 9th over - 4 runs, 4 hits, 0 errors, 1 left on base; Tacoma 8 - Omaha 4
BOTTOM OF THE 9TH
Omaha Storm Chasers batting - Pitching for Tacoma Rainiers : LHP Adam Parrish
Batting: LHB Willie Gutierrez 0-0: SINGLE (Groundball, 56D, EV 106.2 MPH)
Batting: RHB Aaron Matthews 0-0: Ball
1-0: Ball
Passed Ball!
Willie Gutierrez to second
2-0: Called Strike
2-1: Ball
3-1: SINGLE (Groundball, 6MD, EV 94.4 MPH)
Willie Gutierrez to third
Pitching: RHP Jace Daniels
Batting: RHB Jerry Castillo 0-0: Called Strike
0-1: Ball
1-1: SINGLE (Line Drive, 9LS, EV 100.6 MPH)
Willie Gutierrez scores
Aaron Matthews to second
Batting: LHB Jim Pankratz 0-0: Called Strike
0-1: SINGLE (Groundball, 56S, EV 72.5 MPH) (infield hit)
Aaron Matthews to third
Jerry Castillo to second
Batting: LHB Justin Rupert 0-0: Called Strike
0-1: Called Strike
0-2: Ball
1-2: Strikes out looking
Batting: LHB Manny Estrada 0-0: Fly out, F9 (Flyball, 9, EV 90.0 MPH)
Batting: RHB Eric Sandell 0-0: Ball
1-0: Swinging Strike
1-1: Ball
2-1: Swinging Strike
2-2: Ground out 1-3 (Groundball, 13S, EV 77.5 MPH)
Bottom of the 9th over - 1 run, 4 hits, 0 errors, 3 left on base; Tacoma 8 - Omaha 5
Thursday, December 15th , 2022 - OOTP Baseball 23.9 Build 102